 Dungeon Crawl Stone Soup version 0.29-a0-892-g2c4c91d9db (webtiles) character file.

Game seed: 18302210376706719013

56 zeratav the Stinger (level 3, 0/21 HPs)
             Began as an Octopode Venom Mage on July 22, 2022.
             Slain by Robin
             ... wielding a +6 club
              (7 damage)
             ... on level 3 of the Dungeon.
             The game lasted 00:02:09 (1702 turns).

zeratav the Stinger (Octopode Venom Mage)           Turns: 1702, Time: 00:02:10

Health: 0/21       AC:  1    Str:  7    XL:     3   Next: 97%
Magic:  0/6        EV: 13    Int: 19    God:
Gold:   63         SH:  0    Dex: 12    Spells: 5/6 levels left

rFire   . . .      SeeInvis .   h - +0 dagger {short}
rCold   . . .      Faith    .   (no shield)
rNeg    + . .      Spirit   .   (helmet restricted)
rPois   .          Reflect  .   (no amulet)
rElec   .          Harm     .   e - ring of positive energy
rCorr   .          Rampage  .   (no ring)
Will    .....                   (no ring)
Stlth   ++++......              (no ring)
HPRegen 0.07/turn               (no ring)
MPRegen 0.10/turn               (no ring)
                                (no ring)
                                (no ring)

@: no status effects
A: almost no armour, amphibious, 8 rings, camouflage 1, gelatinous body 1,
(nimble swimmer 1), tentacles
a: no special abilities


You were on level 3 of the Dungeon.
You visited 1 branch of the dungeon, and saw 3 of its levels.

You collected 63 gold pieces.


Innate Abilities, Weirdness & Mutations

You cannot wear most types of armour.
You are amphibious.
You can wear up to eight rings at the same time.
Your skin changes colour to match your surroundings (Stealth+).
Your rubbery body absorbs attacks. (AC +1, EV +1)
((You are camouflaged when in or above water. (Stealth+)))
You have tentacles for arms and can constrict up to eight enemies at once.


   Skills:
 - Level 2.0 Dodging
 + Level 4.5 Stealth
 - Level 2.0 Spellcasting
 - Level 1.0 Transmutations
 + Level 4.8 Poison Magic


You had 5 spell levels left.
You knew the following spells:

 Your Spells              Type           Power      Damage    Failure   Level
a - Sting                 Tmut/Pois      48%        1d5       5%          1

Your spell library contained the following spells:

 Spells                   Type           Power      Damage    Failure   Level
 Poisonous Vapours        Pois/Air       22%        N/A       10%         2
 Passwall                 Tmut/Erth      2%         N/A       21%         2
 Olgreb's Toxic Radiance  Pois           20%        N/A       24%         4
 Ensorcelled Hibernation  Hex/Ice        2%         N/A       26%         2
 Mephitic Cloud           Conj/Pois/Air  7%         N/A       26%         3
 Stone Arrow              Conj/Erth      2%         3d7       45%         3
 Swiftness                Air            1%         N/A       45%         3
 Lehudib's Crystal Spear  Conj/Erth      0%         10d2      100%        8
 Animate Armour           Summ/Erth      Unusable   N/A       N/A         4

Inventory:

Hand Weapons
 h - a +0 dagger (weapon) {short}
   (You took it off a goblin on level 1 of the Dungeon)
Jewellery
 e - a ring of positive energy (left tentacle)
   (You found it on level 1 of the Dungeon)
Scrolls
 c - 2 scrolls of vulnerability {unknown}
 f - a scroll of blinking {unknown}
 g - a scroll of teleportation {unknown}
Potions
 a - a potion of magic
 b - 3 potions of curing {unknown}
 d - a potion of attraction {unknown}

Dungeon Overview and Level Annotations

Branches:
Dungeon (3/15) Zot: 16293

Altars:

Annotations:
D:3 Robin

###.######...# .
+............######..
##.....##............
#.....##............
#.....##............
#.....##............
#.....##............
#.....##.....g......
##+###.....#@g......
#.#.#.#########
#.#.#.# # #†# #.# #.#
#.# #.# #.#


You could see Robin (poisoned) and a hobgoblin.


Message History

A dart slug is nearby!
The helpless dart slug fails to defend itself.
You puncture the dart slug!
You kill the dart slug!
c - 2 scrolls labelled MOPAUM CEBLU (gained 1)
A goblin, a hobgoblin and an endoplasm come into view.
A goblin and a hobgoblin come into view.
The goblin shouts! x2; You hear a shout!
Unknown command.
You can't see any susceptible monsters within range! (Use Z to cast anyway.)
You can't see any susceptible monsters within range! (Use Z to cast anyway.) Robin of the Strong Arm comes into view.
They are wielding a +6 club.
There is a stone staircase leading down here.
The sting misses the goblin.
MP[-1]
You lost 1 mp, and now have 5/6 mp.
The sting hits the goblin.
The goblin is poisoned.
You kill the goblin!
The hobgoblin shouts!
You hear a shout! x3
MP[-1]
You lost 1 mp, and now have 4/6 mp.
You can't see any susceptible monsters within range! (Use Z to cast anyway.)
You can't see any susceptible monsters within range! (Use Z to cast anyway.)
The sting hits the hobgoblin.
The hobgoblin is poisoned.
You kill the hobgoblin!
MP[-1]
You lost 1 mp, and now have 3/6 mp.
You can't see any susceptible monsters within range! (Use Z to cast anyway.)
You can't see any susceptible monsters within range! (Use Z to cast anyway.)
You can't see any susceptible monsters within range! (Use Z to cast anyway.)
The sting hits the hobgoblin.
The hobgoblin is poisoned.
MP[-1]
You lost 1 mp, and now have 2/6 mp.
The sting hits the hobgoblin.
The hobgoblin looks even sicker.
The endoplasm quivers.
MP[-1]
You lost 1 mp, and now have 1/6 mp.
The sting hits the hobgoblin but does no damage.
The hobgoblin looks even sicker.
You kill the hobgoblin!
The sting hits the goblin.
The goblin is poisoned.
You kill the goblin!
MP[-1]
You lost 1 mp, and now have 0/6 mp.
You are out of magic!
A hobgoblin comes into view.
You are out of magic!
The endoplasm closely misses you.
Things that are here:
a +0 club {mace}; a goblin corpse Robin shouts!
You hit the endoplasm.
You hear a shout! x2
The endoplasm closely misses you.
You hit the endoplasm.
A hobgoblin comes into view.
The endoplasm barely misses you.
A goblin comes into view. It is wielding a +0 dagger.
You hit the endoplasm.
You kill the endoplasm!
Robin hits you with a +6 club!
A goblin comes into view. It is wielding a +0 dagger of venom.
HP[-9]
You take 9 damage, and now have 12/21 hp.
MASSIVE DAMAGE!! (PAUSE)
You hit Robin. You grab Robin. You constrict Robin.
Robin hits you with a +6 club.
* * * LOW HITPOINT WARNING * * *
A goblin comes into view. It is wielding a +0 dagger.
HP[-2]
You take 2 damage, and now have 10/21 hp.
You are too injured to fight recklessly!
You release your grip on Robin.
A hobgoblin comes into view.
Robin barely misses you.
There is a stone staircase leading down here.
The hobgoblin closely misses you. Robin barely misses you.
You climb downwards.
There is a stone staircase leading up here.
MP[+1]
You are too injured to fight recklessly!
You are too injured to fight recklessly!
You are too injured to fight recklessly!
Casting: Sting (safe; 5% risk of failure)
Confirm with . or Enter, or press ? or * to list all spells.
Aiming: Sting (safe; 5% risk of failure)
Press: ? - help, Shift-Dir - straight line, f - Robin
Aim: Robin, wielding a +6 club, wearing a +0 animal skin and wearing a +0 helmet (moderately wounded, 79% to hit)
The sting hits Robin.
Robin is poisoned.
Robin says, "We wiped out the hill dwarves - you're next!"
Robin hits you with a +6 club.
* * * LOW HITPOINT WARNING * * *
The hobgoblin barely misses you.
HP[-3] MP[-1]
You take 3 damage, and now have 7/21 hp.
You lost 1 mp, and now have 0/6 mp.
Unknown command.
You hit the hobgoblin. Your grab misses the hobgoblin.
Your squeeze misses the hobgoblin. Robin hits you with a +6 club!
You die...

Skill      XL: |  1  2 |
---------------+-------+-----
Stealth        | 3 4 |  4.5
Poison Magic   | 4 |  4.8
Dodging        | |  2.0
Spellcasting   | |  2.0
Transmutations | |  1.0

Action                   || total
-------------------------++-------
Melee: Club              ||    17
       Unarmed           ||     2
       Constrict         ||     9
       Tentacles         ||     6
       Dagger            ||    27
       Punch             ||     1
 Cast: Sting             ||    23
 Stab: Sleeping          ||     5
Armor: Skin              ||     7
Dodge: Dodged            ||    37

Levels and vault maps discovered:
D:1:      minmay_arrival_five_plusses, layout_rooms
D:2:      layout_rooms, serial_shops, shop, uniq_robin
D:3:      layout_basic, shapermc_ecumenical_altar_mp_highgroup

Notes
Turn   | Place    | Note
-------+----------+-------------------------------------------
     0 | D:1      | zeratav the Octopode Venom Mage began the quest for the
                  | Orb.
     0 | D:1      | Reached XP level 1. HP: 11/11 MP: 3/3
     0 | D:1      | magus.rc [v1.9.6]
    50 | D:1      | Reached skill level 3 in Stealth
   328 | D:1      | Reached XP level 2. HP: 15/17 MP: 5/5
   371 | D:1      | Reached skill level 4 in Poison Magic
   518 | D:1      | You pick up a book of Burglary and begin reading...
   518 | D:1      | You add the spells Passwall, Ensorcelled Hibernation and
                  | Swiftness to your library.
   803 | D:1      | You pick up a book of Armaments and begin reading...
   803 | D:1      | You add the spells Stone Arrow and Lehudib's Crystal Spear
                  | to your library.
  1288 | D:2      | Reached skill level 4 in Stealth
  1288 | D:2      | Reached XP level 3. HP: 21/21 MP: 2/6
  1343 | D:2      | You fall into a shaft and drop 1 floor!
  1676 | D:2      | Noticed Robin
  1702 | D:3      | Slain by Robin

Vanquished Creatures
  2 adders
  A dart slug (D:2)
  6 ball pythons
  5 bats
  An endoplasm (D:2)
  A giant cockroach (D:1)
  8 goblins
  2 hobgoblins (D:2)
  4 jackals (D:3)
  A quokka (D:1)
  A rat (D:3)
32 creatures vanquished.

Table legend:
 A = Non-vault XP
 B = Vault XP
 C = Vault XP percentage of total XP
 D = Non-vault monster count
 E = Vault monster count
 F = Vault count percentage of total count
                 A         B        C        D         E       F
            +---------+---------+-------+---------+---------+-------
      Total |      73 |       8 |   9.9 |      28 |       4 |  12.5
            +---------+---------+-------+---------+---------+-------
        D:1 |      29 |       0 |   0.0 |      17 |       0 |   0.0
        D:2 |      20 |       8 |  28.6 |       4 |       4 |  50.0
        D:3 |      24 |       0 |   0.0 |       7 |       0 |   0.0
            +---------+---------+-------+---------+---------+-------

Illustrated notes

Table legend:
 A = Kills in this place as a percentage of kills in entire the game.
 B = Kills by you in this place as a percentage of kills by you in the entire game.
 C = Kills by friends in this place as a percentage of kills by friends in the entire game.
 D = Other kills in this place as a percentage of other kills in the entire game.
 E = Experience gained in this place as a percentage of experience gained in the entire game.
 F = Experience gained in this place divided by the number of levels of this place that you have seen.
                   A       B       C       D       E      F
               +-------+-------+-------+-------+-------+----------------------
         Total | 100.0 | 100.0 |   N/A |   N/A | 100.0 |  27.0
       Dungeon | 100.0 | 100.0 |   N/A |   N/A | 100.0 |  27.0
               +-------+-------+-------+-------+-------+----------------------

Table legend: (Time is in decaauts)
 A = Elapsed time spent in this place.
 B = Non-inter-level travel time spent in this place.
 C = Inter-level travel time spent in this place.
 D = Time resting spent in this place.
 E = Time spent auto-exploring this place.
 F = Levels seen in this place.
 G = Mean time per level.
                   A        B        C        D        E       F      G
               +--------+--------+--------+--------+--------+-----+--------+
         Total |   1705 |   1674 |     31 |      0 |   1470 |   3 |  568.3 |
       Dungeon |   1705 |   1674 |     31 |      0 |   1470 |   3 |  568.3 |
               +--------+--------+--------+--------+--------+-----+--------+

Top non-repeatable levels by time:
     D:1: 1272 daAuts
     D:3: 325 daAuts
     D:2: 107 daAuts
